 Dungeon Crawl Stone Soup version 0.19-a0-1827-g174f941 (webtiles) character file.

534 Amnesiac the Magician (level 7, -6/46 HPs)
             Began as a Mummy Wizard on Oct 7, 2016.
             Mangled by Amnesiac's ghost (24 damage)
             ... on level 5 of the Dungeon.
             The game lasted 00:05:50 (2839 turns).

Amnesiac the Magician (Mummy Wizard)                Turns: 2839, Time: 00:05:50

Health: -6/46      AC:  3    Str: 11    XL:     7   Next: 4%
Magic:  3/17       EV: 12    Int: 17    God:
Gold:   99         SH:  0    Dex: 12    Spells: 4 memorised, 11 levels left

rFire  . . .     SeeInvis .     o - +0 trident
rCold  + . .     Gourm    .     p - +0 robe {rF+}
rNeg   + + +     Faith    .     (no shield)
rPois  ∞         Spirit   .     b - +0 hat
rElec  .         Dismiss  .     (no cloak)
rCorr  .         Reflect  .     (no gloves)
MR     .....     Harm     .     f - +0 pair of boots
Stlth  ++........               (no amulet)
                                (no ring)
                                (no ring)

@: no status effects
A: no food or potions, fire vulnerability, cold resistance 1, negative energy
resistance 3, torment resistance, unbreathing
a: no special abilities


You were on level 5 of the Dungeon.
You were not hungry.

You visited 1 branch of the dungeon, and saw 5 of its levels.

You collected 99 gold pieces.

Inventory:

Hand Weapons
 h - a +0 halberd
 o - a +0 trident (weapon)
Armour
 b - a +0 hat (worn)
 f - a +0 pair of boots (worn)
 p - a +0 robe of fire resistance (worn)
Magical Staves
 i - an uncursed staff of energy
Wands
 g - a wand of confusion (21/48)
Scrolls
 d - 3 scrolls of identify {unknown}
 e - 2 scrolls of teleportation {unknown}
 j - a scroll of fog {unknown}
 k - a scroll of fear {unknown}
 l - a scroll of enchant weapon {unknown}
 m - 2 scrolls of noise {unknown}
 n - a scroll of magic mapping {unknown}
Books
 c - a book of Minor Magic

   Spells                             Type                      Level
   a - Magic Dart                     Conjuration                  1
   b - Blink                          Translocation                2
   c - Call Imp                       Summoning                    2
   d - Repel Missiles                 Charms/Air                   2
   e - Slow                           Hexes                        2
   f - Conjure Flame                  Conjuration/Fire             3
   g - Mephitic Cloud                 Conjuration/Poison/Air       3


   Skills:
 - Level 1.5 Dodging
 - Level 1.5 Stealth
 + Level 7.4 Spellcasting
 - Level 1.0 Conjurations
 - Level 0.7 Summonings
   Level 0.7 Translocations


You had 11 spell levels left.
You knew the following spells:

 Your Spells              Type           Power        Failure   Level  Hunger
d - Call Imp              Summ           #.......     14%         2    N/A
e - Mephitic Cloud        Conj/Pois/Air  #.......     30%         3    N/A
f - Magic Dart            Conj           #...         10%         1    N/A
s - Conjure Flame         Conj/Fire      #.......     30%         3    N/A

Dungeon Overview and Level Annotations

Branches:
Dungeon (5/15)
 Temple: D:4-7

Altars:
Fedhas

Annotations:
D:5 Amnesiac's ghost, novice OgAM


Innate Abilities, Weirdness & Mutations

You do not eat or drink.
Your flesh is vulnerable to fire.
You are immune to poison.
Your flesh is cold resistant. (rC+)
You are immune to negative energy. (rN+++)
You are immune to unholy pain and torment.
You can survive without breathing.


Message History

Attack whom?
Press: ? - help, Dir - move target cursor, f - Amnesiac's ghost
Aim: Amnesiac's ghost (lightly damaged)
You reach to attack!
You puncture Amnesiac's ghost!
Amnesiac's ghost is lightly damaged.
Attack whom?
Press: ? - help, Dir - move target cursor, f/p - Amnesiac's ghost
Aim: Amnesiac's ghost (lightly damaged)
You reach to attack!
You barely miss Amnesiac's ghost.
Amnesiac's ghost is lightly damaged.
You feel something passing dangerously close to your head.
Amnesiac's ghost is engulfed in roaring flames.
Amnesiac's ghost hits you!
Unknown command.
You hit Amnesiac's ghost but do no damage.
Amnesiac's ghost is moderately damaged.
Amnesiac's ghost is engulfed in roaring flames.
Amnesiac's ghost hits you!!
Ouch! That really hurt!
You die...

#.#.# #.#.# #...#
##..# #..#
#..#############
#.>..(()W)l)...#
##W###########)#
...##.W@......l#
###.##.#..#.#####
#.##.#.##.#
#....#....#
###########


You could see Amnesiac's ghost and a leopard gecko (confused).

Vanquished Creatures
  A sky beast (D:5)
  A centaur zombie (D:4)
  2 hounds
  3 orc wizards (D:5)
  2 bullfrog skeletons (D:4)
  An iguana (D:5)
  3 worker ants
  2 hound zombies (D:5)
  A worker ant zombie (D:5)
  2 adders (D:5)
  2 gnolls (D:4)
  2 dart slugs
  A leopard gecko (D:4)
  8 orcs
  A giant cockroach (D:4)
  A goblin (D:1)
  2 hobgoblins
  A quokka (D:4)
  A ball python (D:4)
  A ball python skeleton (D:4)
  2 frilled lizards
  A kobold (D:3)
  A quokka skeleton (D:5)
  2 rats (D:1)
44 creatures vanquished.

Vanquished Creatures (collateral kills)
  An orc wizard (D:3)
  A gnoll (D:4)
  An adder (D:2)
  An orc (D:3)
4 creatures vanquished.

Grand Total: 48 creatures vanquished

Notes
Turn   | Place    | Note
-------+----------+-------------------------------------------
     0 | D:1      | Amnesiac the Mummy Wizard began the quest for the Orb.
     0 | D:1      | Reached XP level 1. HP: 13/13 MP: 4/4
    20 | D:1      | Reached skill level 1 in Conjurations
   401 | D:2      | Reached XP level 2. HP: 16/19 MP: 0/6
   405 | D:2      | Learned a level 2 spell: Call Imp
   618 | D:3      | Reached skill level 4 in Spellcasting
   618 | D:3      | Reached XP level 3. HP: 24/24 MP: 4/8
   623 | D:3      | Learned a level 3 spell: Mephitic Cloud
   703 | D:3      | Learned a level 3 spell: Conjure Flame
  1141 | D:4      | Found a blossoming altar of Fedhas.
  1226 | D:4      | Reached XP level 4. HP: 30/30 MP: 6/10
  1261 | D:4      | Reached skill level 5 in Spellcasting
  1497 | D:4      | Reached XP level 5. HP: 11/35 MP: 1/12
  2091 | D:4      | Reached skill level 6 in Spellcasting
  2192 | D:5      | Entered Level 5 of the Dungeon
  2204 | D:5      | Reached XP level 6. HP: 35/41 MP: 9/15
  2514 | D:5      | Noticed a sky beast
  2532 | D:5      | Killed a sky beast
  2532 | D:5      | Reached skill level 7 in Spellcasting
  2684 | D:5      | Noticed Amnesiac's ghost (novice OgAM)
  2804 | D:5      | Reached XP level 7. HP: 27/46 MP: 3/17
  2839 | D:5      | Mangled by Amnesiac's ghost

Vault maps used:
D:1:      tarquinn_simple_flora_water_a, minmay_box_of_dots
D:2:      ecumenical_altar_2
D:3:      kennysheep_generic_room_14
D:4:      lemuel_doored_altar, first_bread

Skill      XL: |  1  2  3  4  5  6 |
---------------+-------------------+-----
Conjurations   | 1 |  1.0
Spellcasting   | 4 5 6 7 |  7.4
Dodging        | |  1.5
Stealth        | |  1.5
Summonings     | |  0.7
Translocations | |  0.7

Action                   |  1- 3 |  4- 6 |  7- 9 || total
-------------------------+-------+-------+-------++-------
Melee: Unarmed           |    17 |       |       ||    17
       Halberd           |    24 |    66 |       ||    90
       Trident           |       |    20 |     7 ||    27
 Cast: Magic Dart        |    32 |     3 |       ||    35
       Call Imp          |     4 |       |       ||     4
       Mephitic Cloud    |     3 |    17 |     1 ||    21
       Conjure Flame     |       |     6 |     1 ||     7
 Stab: Distracted        |     1 |       |       ||     1
       Confused          |     1 |     4 |       ||     5
Armor: Robe              |    10 |    11 |       ||    21
Dodge: Dodged            |    22 |    47 |     3 ||    72
